 Dungeon Crawl Stone Soup version 0.30-a0-329-g85436e0a43 (webtiles) character file.

Game seed: 14872741407673304922

651 Low2 the Trooper (level 7, -7/108 HPs)
             Began as an Ogre Cinder Acolyte on Oct 28, 2022.
             Was a Believer of Ignis.
             Mangled by a wraith (10 damage)
             ... on level 5 of the Dungeon.
             The game lasted 00:23:14 (3214 turns).

Low2 the Trooper (Ogre Cinder Acolyte)              Turns: 3214, Time: 00:23:15

Health: -7/108     AC: 10    Str: 21    XL:     7   Next: 53%
Magic:  8/8        EV:  9    Int: 15    God:    Ignis [**....]
Gold:   98         SH:  0    Dex:  4    Spells: 8/8 levels left

rFire   + . .      SeeInvis .    g - +7 war axe (venom)
rCold   . . .      Faith    .    (no shield)
rNeg    . . .      Spirit   .    b - +0 robe
rPois   .          Reflect  .    (helmet restricted)
rElec   .          Harm     .    a - scarf {shadows}
rCorr   .          Rampage  .    (gloves unavailable)
Will    .....                    (boots unavailable)
Stlth   ..........               (no amulet)
HPRegen 0.38/turn                (no ring)
MPRegen 0.11/turn                (no ring)

@: berserking, fiery-armoured, slowed
A: large, unfitting armour, tough skin 1
a: Renounce Religion, Fiery Armour, Foxfire Swarm


You were on level 5 of the Dungeon.
You worshipped Ignis.
Ignis was pleased with you.
You visited 1 branch of the dungeon, and saw 5 of its levels.

You collected 197 gold pieces.
You spent 99 gold pieces at shops.

Inventory:

Hand Weapons
 g - a +7 war axe of venom (weapon)
 h - a +3 flail of draining
Armour
 a - a scarf of shadows (worn)
 b - a +0 robe (worn)
Magical Staves
 j - a staff of poison
Scrolls
 c - a scroll of poison
 e - a scroll of enchant armour {unknown}
 f - a scroll of amnesia {unknown}
 i - a scroll of fear {unknown}
 l - a scroll of summoning {unknown}
 o - a scroll of immolation {unknown}
 t - a scroll of vulnerability {unknown}
 u - a scroll of identify
 v - a scroll of magic mapping {unknown}
Potions
 d - a potion of flight
 n - a potion of mutation {unknown}
 p - a potion of might {unknown}


   Skills:
 + Level 5.2 Fighting
 + Level 3.8(4.8) Axes
 + Level 0.2(2.1) Maces & Flails
 + Level 4.4(5.1) Polearms
 + Level 2.6 Throwing
 + Level 2.0 Dodging
 + Level 1.9 Stealth
 + Level 1.2 Spellcasting
 + Level 3.3 Fire Magic
 + Level 0.4 Evocations


You had 8 spell levels left.
You didn't know any spells.
Your spell library contained the following spells:

 Spells                   Type           Power      Damage    Failure   Level
 Scorch                   Fire           20%        2d6       10%         2
 Ozocubu's Armour         Ice            0%         N/A       58%         3
 Metabolic Englaciation   Hex/Ice        0%         N/A       100%        5
 Simulacrum               Ice/Necr       0%         N/A       100%        6


Dungeon Overview and Level Annotations

Branches:
Dungeon (5/15)
 Temple: D:4-7

Altars:
Cheibriados
Elyvilon
Fedhas
Makhleb

Shops:
D:5 :[(

Annotations:
D:4 Robin


Innate Abilities, Weirdness & Mutations

You are too large for most types of armour.
You have tough skin. (AC +1)


Message History

The sky beast is lightly wounded.
The wraith hits you but does no damage.
The wraith is burned by your cloak of flames.
The wraith is lightly damaged.
The wraith hits you but does no damage.
The wraith is burned by your cloak of flames.
The wraith is lightly damaged.
The sky beast hits you. The sky beast shocks you.
* * * LOW HITPOINT WARNING * * *
The sky beast is burned by your cloak of flames.
The sky beast is lightly wounded.
You closely miss the wraith.
The wraith is lightly damaged.
You closely miss the sky beast.
The sky beast flickers out of sight!
Something hits you but does no damage. The wraith closely misses you.
You slash something! You barely miss the wraith. Something hits you.
* * * LOW HITPOINT WARNING * * *
Something shocks you.
* * * LOW HITPOINT WARNING * * *
The wraith barely misses you. The wraith hits you.
* * * LOW HITPOINT WARNING * * *
The wraith drains your vigour!
You feel as though you will be slow longer.
The wraith is burned by your cloak of flames.
The wraith is moderately damaged.
Something hits you.
* * * LOW HITPOINT WARNING * * *
Something shocks you.
* * * LOW HITPOINT WARNING * * *
It was a potion of berserk rage.
A red film seems to cover your vision as you go berserk!
You feel yourself moving faster!
You feel mighty! Something completely misses you. The wraith hits you.
* * * LOW HITPOINT WARNING * * *
The wraith drains your vigour!
You feel as though you will be slow longer.
The wraith is burned by your cloak of flames.
The wraith is heavily damaged.
The wraith hits you!
You die...

#.###o. .##.##
#.#...# .#...
#####...#.# §☼.. ..
#.....#.§.###§# ..#
#<#.....§§.§§§##.##
###.#....###☼#§§§§...
.....≈...# #§☼.☼§#.#.
##..≈.≈..# ###§#{# #
#.≈...≈.# #.W@###...
#≈..∩..≈## ###§§§§§#
#.≈...≈..# ##§#☼§#
#..≈.≈...# §§.§§§
#...≈....# ######
###.##.#.# #......#
####...# ###.#


You could see a wraith.

Vanquished Creatures
  Edmund (D:5)
  A water moccasin (D:5)
  An ogre (D:4)
  A phantom (D:5)
  An iron imp (D:3)
  2 iguanas (D:4)
  3 orc wizards (D:5)
  2 adders
  A white imp (D:4)
  3 worms
  5 dart slugs
  5 orcs
  4 endoplasms
  3 giant cockroaches (D:1)
  8 goblins
  7 hobgoblins
  4 jackals (D:4)
  2 quokkas
  6 ball pythons
  3 bats
  A frilled lizard (D:2)
  10 kobolds
  3 rats
77 creatures vanquished.

Vanquished Creatures (others)
  27 foxfires
  2 withered plants (D:5)
29 creatures vanquished.

Grand Total: 106 creatures vanquished

Notes
Turn   | Place    | Note
-------+----------+-------------------------------------------
     0 | D:1      | Low2 the Ogre Cinder Acolyte began the quest for the Orb.
     0 | D:1      | Reached XP level 1. HP: 24/24 MP: 2/2
   263 | D:1      | Reached XP level 2. HP: 32/32 MP: 3/3
   356 | D:1      | Identified a scroll of acquirement
  1081 | D:2      | Reached XP level 3. HP: 32/39 MP: 4/4
  1553 | D:3      | Found a snail-covered altar of Cheibriados.
  1561 | D:3      | Reached skill level 1 in Throwing
  1561 | D:3      | Reached XP level 4. HP: 35/49 MP: 5/5
  1648 | D:3      | Found a faded altar of an unknown god.
  1939 | D:4      | Reached XP level 5. HP: 31/55 MP: 6/6
  2025 | D:4      | Reached skill level 1 in Dodging
  2109 | D:4      | Found a white marble altar of Elyvilon.
  2216 | D:4      | Acquired a +4 war axe of venom
  2228 | D:4      | Reached skill level 1 in Stealth
  2344 | D:4      | Found a burning altar of Makhleb.
  2346 | D:4      | Found a blossoming altar of Fedhas.
  2346 | D:4      | Noticed an ogre
  2351 | D:4      | Killed an ogre
  2352 | D:4      | Reached XP level 6. HP: 65/65 MP: 7/7
  2756 | D:4      | Noticed Robin
  2765 | D:3      | You fall into a shaft and drop 1 floor!
  2854 | D:5      | Entered Level 5 of the Dungeon
  2857 | D:5      | Found Dyerhih's Weapon Shoppe.
  2870 | D:5      | Reached skill level 5 in Fighting
  2870 | D:5      | Reached skill level 1 in Axes
  2934 | D:5      | Bought 6 boomerangs of dispersal for 99 gold pieces
  3006 | D:5      | Noticed a water moccasin
  3012 | D:5      | Killed a water moccasin
  3013 | D:5      | Reached XP level 7. HP: 62/72 MP: 8/8
  3088 | D:5      | Noticed Edmund
  3093 | D:5      | Killed Edmund
  3151 | D:5      | Found Keuvoiz's Armour Boutique.
  3173 | D:5      | Found Maitaurego's Book Shoppe.
  3194 | D:5      | Noticed a wraith
  3213 | D:5      | HP: 3/72 [something (6)]
  3214 | D:5      | Mangled by a wraith

Illustrated notes

Levels and vault maps discovered:
D:1:      erik_arrival_triangle_small, layout_loops_cross
D:2:      layout_rooms, kennysheep_generic_room_14
D:3:      cheibrodos_helix_gallery, layout_basic, slow_altar_2,
          nicolae_ecumenical_pavilion, uniq_jessica, uniq_ijyb
D:4:      layout_layer_cave, grunt_temple_overflow_open, lemuel_doored_altar,
          uniq_robin, uniq_pikel
D:5:      layout_loops_ring, gammafunk_ghost_grave, serial_shops,
          nicolae_shop_hallway_plus, nicolae_diamond_shop, shop,
          nicolae_shop_statue_plus, nicolae_shop_bloodbath_and_beyond,
          grunt_ministairs_10, minmay_fractal_squares_5, uniq_edmund

Skill      XL: |  1  2  3  4  5  6  7 |
---------------+----------------------+-----
Fire Magic     | 3 |  3.3
Throwing       | 1 2 |  2.6
Polearms       | 4 |  4.4
Dodging        | 1 2 |  2.0
Stealth        | 1 |  1.9
Fighting       | 5 |  5.2
Axes           | 3 |  3.8
Maces & Flails | |  0.2
Spellcasting   | |  1.2
Evocations     | |  0.4

Action                   |  1- 3 |  4- 6 |  7- 9 || total
-------------------------+-------+-------+-------++-------
Melee: Spear             |    53 |    40 |       ||    93
       Whip              |    12 |       |       ||    12
       War axe           |       |    48 |     4 ||    52
       Punch             |       |     1 |       ||     1
Throw: Large rock        |    22 |    21 |       ||    43
       Dart              |    10 |     6 |       ||    16
       Boomerang         |       |     3 |     3 ||     6
Invok: Fiery Armour      |     1 |     3 |     1 ||     5
       Foxfire Swarm     |       |     1 |     1 ||     2
       Rising Flame      |       |     1 |       ||     1
Evoke: Wand              |     1 |     7 |     5 ||    13
  Use: Scroll            |     3 |     3 |     5 ||    11
       Potion            |       |     1 |     1 ||     2
 Stab: Paralysed         |       |     6 |       ||     6
Armor: Robe              |    24 |    31 |    12 ||    67
Dodge: Dodged            |    27 |    39 |     8 ||    74

Table legend: (Time is in decaauts)
 A = Elapsed time spent in this place.
 B = Non-inter-level travel time spent in this place.
 C = Inter-level travel time spent in this place.
 D = Time resting spent in this place.
 E = Time spent auto-exploring this place.
 F = Levels seen in this place.
 G = Mean time per level.
                   A        B        C        D        E       F      G
               +--------+--------+--------+--------+--------+-----+--------+
         Total |   3272 |   3272 |      0 |    621 |      0 |   5 |  654.4 |
       Dungeon |   3272 |   3272 |      0 |    621 |      0 |   5 |  654.4 |
               +--------+--------+--------+--------+--------+-----+--------+

Top non-repeatable levels by time:
     D:1: 1064 daAuts
     D:4: 957 daAuts
     D:2: 541 daAuts
     D:5: 377 daAuts
     D:3: 331 daAuts
